 Dungeon Crawl Stone Soup version 0.29.1-2-gbd0b4ee654 (webtiles) character file.

Game seed: 650951391872798874

46 Descartes the Grasshopper (level 3, 0/16 HPs)
             Began as a Spriggan Wanderer on Nov 19, 2022.
             Slain by Terence
             ... wielding a +0 flail
              (4 damage)
             ... on level 2 of the Dungeon.
             The game lasted 00:02:00 (1140 turns).

Descartes the Grasshopper (Spriggan Wanderer)       Turns: 1140, Time: 00:02:00

Health: 0/16       AC:  6    Str:  8    XL:     3   Next: 46%
Magic:  7/7        EV: 16    Int: 17    God:
Gold:   52         SH:  0    Dex: 12    Spells: 4/6 levels left

rFire   . . .      SeeInvis +   a - +2 short sword
rCold   . . .      Faith    .   (no shield)
rNeg    . . .      Spirit   .   e - +0 robe
rPois   .          Reflect  .   (helmet restricted)
rElec   .          Harm     .   (no cloak)
rCorr   .          Rampage  .   (gloves unavailable)
Will    .....                   (boots unavailable)
Stlth   ++........              i - amulet of the acrobat
HPRegen 0.05/turn               j - +4 ring of protection
MPRegen 0.10/turn               (no ring)

@: very quick
A: very small, no large weapons, unfitting armour, see invisible, speed 3
a: no special abilities


You were on level 2 of the Dungeon.
You visited 1 branch of the dungeon, and saw 2 of its levels.

You collected 52 gold pieces.

Inventory:

Hand Weapons
 a - a +2 short sword (weapon)
 c - a +0 dagger
Missiles
 b - 14 poisoned darts (quivered)
 o - 6 atropa-tipped darts
Armour
 e - a +0 robe (worn)
Jewellery
 i - an amulet of the acrobat (around neck)
 j - a +4 ring of protection (left hand)
Scrolls
 d - 2 scrolls of blinking
 h - a scroll of teleportation {unknown}
 k - a scroll of fog {unknown}
 l - a scroll of magic mapping {unknown}
Potions
 f - 2 potions of lignification {unknown}
 g - a potion of heal wounds {unknown}
 m - 2 potions of curing {unknown}
 n - a potion of berserk rage {unknown}


   Skills:
 + Level 3.7 Short Blades
 - Level 3.0 Throwing
 + Level 1.6 Dodging
 + Level 2.1 Stealth
 + Level 2.1 Spellcasting
 + Level 4.9 Translocations


You had 4 spell levels left.
You knew the following spells:

 Your Spells              Type           Power      Damage    Failure   Level
a - Apportation           Tloc           36%        N/A       2%          1
b - Freeze                Ice            4%         1d3       19%         1

Your spell library contained the following spells:

 Spells                   Type           Power      Damage    Failure   Level
 Gell's Gravitas          Tloc           18%        N/A       8%          3
 Necrotise                Necr           4%         1d4       19%         1
 Frozen Ramparts          Ice            2%         1d1       50%         3
 Vampiric Draining        Necr           1%         2d6       50%         3
 Hailstorm                Conj/Ice       1%         3d3       88%         4
 Agony                    Necr           1%         N/A       99%         5


Dungeon Overview and Level Annotations

Branches:
Dungeon (2/15)

Altars:

Annotations:
D:2 Terence


Innate Abilities, Weirdness & Mutations

You are very small and have problems with some larger weapons.
You are too small for most types of armour.
You have supernaturally acute eyesight. (SInv)
You cover ground extremely quickly. (Speed+++)


Message History

Terence says, "Don't bother to defend, it's pointless."
Terence hits you but does no damage.
You barely miss Terence. Terence misses you.
You hit Terence but do no damage. Terence completely misses you.
You hit Terence.
Terence is lightly wounded.
You barely miss Terence.
Terence is lightly wounded.
Terence bares his teeth.
Terence barely misses you.
You hit Terence but do no damage.
Terence is lightly wounded.
Terence hits you with a +0 flail.
You barely miss Terence.
Terence is lightly wounded.
Terence hits you with a +0 flail.
You barely miss Terence.
Terence is lightly wounded.
Terence closely misses you.
You hit Terence. Your punch misses Terence.
Terence is moderately wounded.
Terence hits you with a +0 flail!
Ouch! That really hurt!
* * * LOW HITPOINT WARNING * * *
You are too injured to fight recklessly!
You are too injured to fight recklessly!
You are too injured to fight recklessly!
You are too injured to fight recklessly!
You are too injured to fight recklessly!
You are too injured to fight recklessly!
You are too injured to fight recklessly!
You are too injured to fight recklessly!
You are too injured to fight recklessly!
You barely miss Terence.
Terence is moderately wounded.
Terence misses you.
You hit Terence but do no damage.
Terence is moderately wounded.
Terence hits you with a +0 flail.
You die...

.............#.......## #..#
.####...................# ##.#
...##..........##.......# #..
.....###.########.......#####..
#.....#.##### #.....†.......#
##.........# #).....##..####
###....##.# ##..........###
###..#.##.###..#..#####...#
###...##....@@...#..# ###.#
#...######..###..#..## #.#
##.#........####..##..# #.##
###....######.# #...##..# #...
.#.....## #.###...###.######...
........##
#.....#...........#..
.........#
####>.##..........#).
.........# #####.............
.........# #..........#..


You could see Terence.

Vanquished Creatures
  2 adders (D:2)
  2 worms (D:2)
  A dart slug (D:2)
  A bat (D:1)
  2 endoplasms (D:1)
  A giant cockroach (D:1)
  2 goblins (D:1)
  A hobgoblin (D:1)
  2 kobolds
  A quokka (D:1)
  2 ball pythons (D:1)
  3 rats
20 creatures vanquished.

Notes
Turn   | Place    | Note
-------+----------+-------------------------------------------
     0 | D:1      | Descartes the Spriggan Wanderer began the quest for the
                  | Orb.
     0 | D:1      | Descartes set off with the following items: a +2 short
                  | sword, 14 poisoned darts, a +0 dagger, a scroll of
                  | blinking, a +0 robe; and the following spell memorised:
                  | Apportation; and the following spells available to
                  | memorise: Gell's Gravitas.
     0 | D:1      | Reached XP level 1. HP: 9/9 MP: 3/3
   512 | D:1      | Reached skill level 1 in Stealth
   516 | D:1      | Reached XP level 2. HP: 13/13 MP: 5/5
   627 | D:1      | Reached skill level 1 in Dodging
   923 | D:2      | Learned a level 1 spell: Freeze
   988 | D:2      | Reached XP level 3. HP: 16/16 MP: 7/7
  1127 | D:2      | Noticed Terence
  1140 | D:2      | Slain by Terence

Illustrated notes

Levels and vault maps discovered:
D:1:      shiori_arrival_elements, layout_rooms, minivault_27
D:2:      layout_rooms, uniq_terence

Skill      XL: |  1  2  3 |
---------------+----------+-----
Stealth        | 1 2 |  2.1
Dodging        | 1 |  1.6
Spellcasting   | 2 |  2.1
Short Blades   | |  3.7
Throwing       | |  3.0
Translocations | |  4.9

Action                   || total
-------------------------++-------
Melee: Short sword       ||    97
 Stab: Sleeping          ||     1
Armor: Robe              ||    11
Dodge: Dodged            ||    56
